 Dungeon Crawl Stone Soup version 0.24.0-123-gd5b16e6ec5 (webtiles) character file.

Game seed: 17555139081209625120, levelgen mode: deterministic

189 brucemayne the Cleaver (level 5, -9/45 HPs)
             Began as a Hill Orc Monk on Jan 18, 2020.
             Was a Believer of Makhleb.
             Killed by divine providence
             ... invoked by an orc priest
              (14 damage)
             ... on level 5 of the Dungeon.
             The game lasted 00:04:28 (1252 turns).

brucemayne the Cleaver (Hill Orc Monk)              Turns: 1252, Time: 00:04:29

Health: -9/45      AC:  9    Str: 15    XL:     5   Next: 68%
Magic:  5/5        EV: 15    Int: 12    God:    Makhleb [**....]
Gold:   27         SH:  0    Dex: 18    Spells: 4/4 levels left

rFire    . . .     SeeInvis .   f - +2 hand axe (elec)
rCold    . . .     Gourm    .   (no shield)
rNeg     . . .     Faith    .   h - +0 scale mail
rPois    .         Spirit   .   m - +0 helmet
rElec    .         Reflect  .   (no cloak)
rCorr    .         Harm     .   (no gloves)
MR       .....                  (no boots)
Stlth    ++........             (no amulet)
HPRegen  0.15/turn              (no ring)
MPRegen  0.09/turn              (no ring)

@: agile
A: icy blue scales 1, clever 1
a: Minor Destruction, Renounce Religion, Convert to Beogh


You were on level 5 of the Dungeon.
You worshipped Makhleb.
Makhleb was pleased with you.
You were not hungry.

You visited 1 branch of the dungeon, and saw 5 of its levels.

You collected 27 gold pieces.

Inventory:

Hand Weapons
 a - a +0 hand axe
 f - a +2 hand axe of electrocution (weapon)
Missiles
 q - a poisoned dart (quivered)
Armour
 b - a +0 robe
 e - a +0 ring mail
 h - a +0 scale mail (worn)
 m - a +0 helmet (worn)
 r - a +0 leather armour
Scrolls
 d - 2 scrolls of identify {unknown}
 g - a scroll of teleportation {unknown}
 j - a scroll of brand weapon {unknown}
 k - a scroll of enchant armour {unknown}
 l - a scroll of random uselessness {unknown}
 n - a scroll of magic mapping {unknown}
 o - 2 scrolls of remove curse {unknown}
Potions
 s - a potion of magic
Comestibles
 c - 2 rations
 i - a chunk of flesh


   Skills:
 - Level 3.6 Fighting
 + Level 8.2 Axes
 - Level 2.4 Dodging
 - Level 1.5 Stealth


You had 4 spell levels left.
You didn't know any spells.
Your spell library was empty.

Dungeon Overview and Level Annotations

Branches:
Dungeon (5/15)
 Temple: D:4-7

Altars:
Makhleb

Annotations:
D:4 Edmund


Innate Abilities, Weirdness & Mutations

You are partially covered in icy blue scales. (AC +2)
Your mind is acute. (Int +2)


Message History

The orc priest shouts!
The orc priest looks satisfied for a moment.
The orc priest calls down the wrath of Beogh upon you.
Beogh smites you!
* * * LOW HITPOINT WARNING * * *
You hear a shout!
An orc comes into view. It is wielding a +0 club.
The orc shouts!
The orc priest mumbles some strange prayers to Beogh against you.
Pain shoots through your body!
* * * LOW HITPOINT WARNING * * *
Unknown command.
You aren't carrying any items that you can evoke.
Unknown command.
It was a potion of agility.
You feel agile all of a sudden.
An orc comes into view. It is wielding a +0 falchion.
The orc priest calls down the wrath of Beogh upon you.
Beogh smites you!
You die...

#.# # #o
#.# # #.
#.# #
#o##
#.#####
#...
#...)<.
#o.#
######.
#.####<.#
#.
........#
#. #@# #.
#.# ####
#. #.#
..# ####.
#.##.#
#.# #....
#.##.#
#.# #.##.
#.##.#
#.###.##.
#.##.#
#........
#o##.#
#####.##.
#.##.#
####.##.


You could see an orc priest and 2 orcs.

Vanquished Creatures
  A water moccasin zombie (D:5)
  A crimson imp (D:5)
  An orc wizard (D:4)
  2 adders (D:5)
  A shadow imp (D:5)
  A leopard gecko (D:2)
  6 orcs
  6 bats
  4 giant cockroaches
  2 goblins (D:1)
  4 hobgoblins
  6 jackals
  2 kobolds
  3 rats
40 creatures vanquished.

Notes
Turn   | Place    | Note
-------+----------+-------------------------------------------
     0 | D:1      | brucemayne the Hill Orc Monk began the quest for the Orb.
     0 | D:1      | Reached XP level 1. HP: 19/19 MP: 1/1
    62 | D:1      | Reached XP level 2. HP: 12/26 MP: 2/2
   229 | D:1      | Reached skill level 5 in Axes
   396 | D:2      | Found a burning altar of Makhleb.
   402 | D:2      | Became a worshipper of Makhleb the Destroyer
   402 | D:2      | Reached * piety under Makhleb
   402 | D:2      | Reached ** piety under Makhleb
   475 | D:2      | Reached XP level 3. HP: 29/31 MP: 3/3
   937 | D:4      | Gained mutation: You are partially covered in icy blue
                  | scales. (AC +2) [potion of mutation]
   937 | D:4      | Gained mutation: Your mind is acute. (Int +2) [potion of
                  | mutation]
   941 | D:4      | Reached skill level 6 in Axes
   941 | D:4      | Reached XP level 4. HP: 3/39 MP: 4/4
  1058 | D:5      | Entered Level 5 of the Dungeon
  1099 | D:4      | Noticed Edmund
  1175 | D:5      | Reached skill level 7 in Axes
  1202 | D:5      | Reached XP level 5. HP: 27/45 MP: 5/5
  1231 | D:5      | Reached skill level 8 in Axes
  1252 | D:5      | Killed from afar by an orc priest

Levels and vault maps discovered:
D:1:      lightli_arrival_statuegarden, layout_basic,
          minmay_misc_feat_more_columns, minmay_hexomino_f4
D:2:      layout_loops_cross, nicolae_overflow_crystal_walls,
          lemuel_zombie_altar_yredelemnul
D:3:      layout_basic
D:4:      layout_rooms, first_ration, minmay_fractal_squares_gapless_5,
          uniq_edmund
D:5:      kennysheep_steamy, layout_loops_ring, kiku_gazebo_garden_becter

Skill      XL: |  1  2  3  4  5 |
---------------+----------------+-----
Axes           | 5 6 7 8 |  8.2
Fighting       | |  3.6
Dodging        | |  2.4
Stealth        | |  1.5

Action                   |  1- 3 |  4- 6 || total
-------------------------+-------+-------++-------
Melee: Hand axe          |   143 |    36 ||   179
Throw: Dart              |       |     1 ||     1
  Use: Potion            |     7 |     1 ||     8
 Stab: Sleeping          |     2 |       ||     2
  Eat: Ration            |       |     1 ||     1
Armor: Robe              |     1 |       ||     1
       Ring mail         |    34 |       ||    34
       Skin              |    26 |       ||    26
       Scale mail        |       |    15 ||    15
Dodge: Dodged            |    89 |    13 ||   102
